 Dungeon Crawl Stone Soup version 0.26-a0-712-ga5a9c9c9d0 (webtiles) character file.

Game seed: 16030309069113797629

13702 Azzok the Severer (level 11, -2/117 HPs)
             Began as a Demonspawn Berserker on Nov 5, 2020.
             Was a High Priest of Trog.
             Slain by a fire dragon (3 damage)
             ... on level 13 of the Dungeon.
             The game lasted 00:14:45 (11060 turns).

Azzok the Severer (Demonspawn Berserker)           Turns: 11060, Time: 00:14:46

Health: -2/117     AC: 15    Str: 20    XL:     11   Next: 79%
Magic:  11/11      EV:  7    Int: 10    God:    Trog [*****.]
Gold:   637        SH:  5    Dex: 12    Spells: 10/10 levels left

rFire    . . .     SeeInvis +   t - +0 battleaxe (vorpal)
rCold    + . .     Faith    .   (shield currently unavailable)
rNeg     . . .     Spirit   .   F - +0 plate armour
rPois    .         Reflect  +   (no helmet)
rElec    .         Harm     .   y - +0 cloak
rCorr    .         Rampage  .   (no gloves)
MR       ++...                  v - +0 pair of boots
Stlth    ..........             C - amulet of reflection
HPRegen  1.29/turn              w - ring of see invisible
MPRegen  0.12/turn              I - ring of protection from cold

@: berserking (expiring), regenerating, very quick
A: hooves 1, powered by death 3, spiny 1, sharp scales 1
a: Berserk, Trog's Hand, Brothers in Arms, Renounce Religion


You were on level 13 of the Dungeon.
You worshipped Trog.
Trog was extremely pleased with you.
You visited 1 branch of the dungeon, and saw 13 of its levels.

You collected 773 gold pieces.
You spent 136 gold pieces at shops.

Inventory:

Hand Weapons
 e - a +1 broad axe of draining
 i - a +1 vorpal mace
 l - a +0 hand axe of freezing
 r - a +2 vorpal hand axe
 t - a +0 vorpal battleaxe (weapon)
 J - a cursed -3 hand axe
Armour
 v - a +0 pair of boots (worn)
 y - a +0 cloak (worn)
 F - a +0 plate armour (worn)
Jewellery
 o - an uncursed ring of fire
 w - a ring of see invisible (left hand)
 C - an amulet of reflection (around neck)
 I - a ring of protection from cold (right hand)
 K - an uncursed amulet of the acrobat {unknown}
 M - an uncursed ring of protection from magic
Wands
 q - a wand of paralysis (7)
 D - a wand of digging (3)
 E - a wand of iceblast (2)
 P - a wand of disintegration (10)
Scrolls
 c - 5 scrolls of enchant armour {unknown}
 d - 3 scrolls of magic mapping {unknown}
 f - 5 scrolls of teleportation {unknown}
 g - 16 scrolls of identify {unknown}
 h - 3 scrolls of remove curse {unknown}
 j - 5 scrolls of amnesia {unknown}
 m - 4 scrolls of fog {unknown}
 n - a scroll of blinking {unknown}
 x - 4 scrolls of vulnerability {unknown}
 G - a scroll of fear {unknown}
 H - 3 scrolls of summoning {unknown}
 L - a scroll of random uselessness {unknown}
 O - a scroll of noise {unknown}
Potions
 a - 7 potions of curing
 b - 2 potions of degeneration {unknown}
 k - 2 potions of haste {unknown}
 p - 4 potions of berserk rage {unknown}
 s - 8 potions of heal wounds {unknown}
 u - 2 potions of might {unknown}
 z - a potion of brilliance {unknown}
 A - 2 potions of magic {unknown}
 B - 3 potions of stabbing {unknown}
 N - a potion of resistance {unknown}


   Skills:
 - Level 4.9 Fighting
 + Level 15.7 Axes
 - Level 3.9 Armour
 - Level 4.0 Dodging


You had 10 spell levels left.
You didn't know any spells.
Your spell library was empty.

Dungeon Overview and Level Annotations

Branches:
Dungeon (12/15)            Temple (0/1) D:6            Lair (0/6) D:9
    Orc (0/2) D:11

Altars:
Ru

Shops:
D:6 (=}=   D:12 =


Innate Abilities, Weirdness & Mutations

You have large cloven feet.
You regenerate a lot of health from kills.
You are partially covered in sharp spines.
You are partially covered in razor-sharp scales. (AC +1, Slay +1)


Message History

The iron troll bites you.
* * * LOW HITPOINT WARNING * * *
The iron troll claws you but does no damage.
The iron troll completely misses you.
You completely miss the fire dragon.
The fire dragon is moderately wounded.
You hit the iron troll but do no damage.
The fire dragon bites you but does no damage.
The fire dragon claws you.
* * * LOW HITPOINT WARNING * * *
The fire dragon tramples you!
* * * LOW HITPOINT WARNING * * *
You stumble backwards!
You slash the fire dragon!
The fire dragon is heavily wounded.
The fire dragon is struck by your spines.
The fire dragon bites you!
* * * LOW HITPOINT WARNING * * *
The fire dragon claws you.
You die...

▒·▒··············▒·····
▒·▒)·········▒▒▒▒▒····
▒·▒))········▒········
▒·▒))········▒····▒
▒·▒······▒▒▒·▒····▒
▒·'····▒··········▒
▒·▒····▒·▒▒▒▒▒▒▒▒·▒ ·
▒·▒····▒·▒··T···▒·▒▒▒▒▒··▒
▒·▒····▒·▒··CD@·▒········▒
▒·▒····▒·▒·▒▒▒▒·▒····▒▒╬▒▒
▒·▒······▒· ▒·▒····▒
··▒······▒ ▒·†····▒
··╬······▒ ▒······▒
▒······▒ ▒·▒····▒ ▒·▒····╬
·······▒


You could see a fire dragon, an iron troll and an ettin.

Vanquished Creatures
  Snorg (D:11)
  A two-headed ogre (D:8)
  An unseen horror (D:12)
  3 ugly things
  A manticore (D:11)
  A centaur zombie (D:10)
  Maggie (D:6)
  2 freezing wraiths (D:12)
  2 polar bears (D:9)
  A vampire (D:10)
  17 yaks
  A warg (D:11)
  A soldier ant (shapeshifter) (D:13)
  7 orc warriors
  3 sky beasts
  2 phantoms
  An ice beast (D:5)
  A necrophage (D:10)
  A wolf (D:9)
  10 centaurs
  2 big kobolds
  10 bullfrogs
  A wyvern zombie (D:6)
  A scorpion (D:5)
  A killer bee (D:12)
  10 wights
  An electric eel (D:9)
  5 howler monkeys
  A wyvern simulacrum (D:9)
  A bullfrog zombie (D:9)
  8 hounds
  3 jellies
  2 orc priests (D:10)
  A gnoll shaman (D:9)
  3 centaur skeletons
  2 bullfrog skeletons
  7 iguanas
  Ijyb (D:4)
  8 orc wizards
  4 worker ants
  A hound zombie (D:7)
  A hound skeleton (D:8)
  11 adders
  A howler monkey skeleton (D:4)
  11 gnolls
  A shadow imp (D:9)
  6 white imps
  2 ufetubi
  2 oozes (D:4)
  An adder skeleton (D:4)
  An adder zombie (D:6)
  6 worms
  3 dart slugs
  An adder simulacrum (D:9)
  3 leopard geckos
  30 orcs
  3 bats (D:1)
  9 giant cockroaches
  8 goblins
  11 hobgoblins
  20 jackals
  20 kobolds
  3 quokkas
  2 ball pythons
  6 frilled lizards
  A leopard gecko skeleton (D:4)
  A quokka zombie (D:6)
  9 rats
304 creatures vanquished.

Vanquished Creatures (others)
  A plant (D:6)
1 creature vanquished.

Grand Total: 305 creatures vanquished

Notes
Turn   | Place    | Note
-------+----------+-------------------------------------------
     0 | D:1      | Azzok the Demonspawn Berserker began the quest for the Orb.
     0 | D:1      | Reached XP level 1. HP: 18/18 MP: 1/1
   245 | D:1      | Reached skill level 3 in Axes
   349 | D:1      | Gained mutation: You are partially covered in sharp spines.
                  | [demonic ancestry]
   349 | D:1      | Reached XP level 2. HP: 21/24 MP: 2/2
   865 | D:1      | Gained mutation: You regenerate a little health from kills.
                  | [demonic ancestry]
   865 | D:1      | Reached XP level 3. HP: 24/29 MP: 3/3
   968 | D:2      | Reached skill level 4 in Axes
  1184 | D:2      | Gained mutation: You regenerate health from kills. [demonic
                  | ancestry]
  1184 | D:2      | Reached XP level 4. HP: 35/35 MP: 4/4
  1218 | D:2      | Reached ** piety under Trog
  1678 | D:3      | Reached XP level 5. HP: 27/41 MP: 5/5
  2086 | D:3      | Reached skill level 5 in Axes
  2693 | D:4      | Reached XP level 6. HP: 47/47 MP: 6/6
  2786 | D:4      | Noticed Ijyb
  2796 | D:4      | Paralysed by Ijyb for 4 turns
  2801 | D:4      | Killed Ijyb
  2846 | D:4      | Reached *** piety under Trog
  2989 | D:4      | Reached XP level 7. HP: 38/54 MP: 7/7
  3345 | D:5      | Entered Level 5 of the Dungeon
  3363 | D:5      | Reached skill level 6 in Axes
  3421 | D:5      | Gained mutation: You have large cloven feet. [demonic
                  | ancestry]
  3421 | D:5      | Reached XP level 8. HP: 42/61 MP: 8/8
  3715 | D:5      | Reached skill level 7 in Axes
  3887 | D:5      | Reached **** piety under Trog
  4392 | D:6      | Found Daxi's Gadget Emporium.
  4471 | D:6      | Found Mufude's Jewellery Emporium.
  4477 | D:6      | Bought a cursed amulet of inaccuracy for 26 gold pieces
  4477 | D:6      | Bought a cursed -4 ring of evasion for 26 gold pieces
  4477 | D:6      | Bought a cursed -4 ring of protection for 26 gold pieces
  4477 | D:6      | Bought a cursed ring of teleportation for 58 gold pieces
  4507 | D:6      | Found Qufaer's Jewellery Shop.
  4540 | D:6      | You fall into a shaft and drop 3 floors!
  4563 | D:9      | Reached skill level 8 in Axes
  4875 | D:6      | Found Jerirgh's Weapon Boutique.
  4883 | D:6      | Found a staircase to the Ecumenical Temple.
  5023 | D:6      | Reached skill level 9 in Axes
  5194 | D:6      | Found a sacrificial altar of Ru.
  5257 | D:6      | Noticed Maggie
  5260 | D:6      | Gained mutation: You are partially covered in razor-sharp
                  | scales. (AC +1, Slay +1) [demonic ancestry]
  5260 | D:6      | Reached XP level 9. HP: 65/67 MP: 9/9
  5267 | D:6      | Killed Maggie
  5700 | D:7      | Reached skill level 10 in Axes
  6305 | D:8      | Noticed a two-headed ogre
  6312 | D:8      | Killed a two-headed ogre
  6312 | D:8      | Reached skill level 11 in Axes
  6597 | D:9      | Reached ***** piety under Trog
  6598 | D:9      | Gained mutation: You regenerate a lot of health from kills.
                  | [demonic ancestry]
  6598 | D:9      | Reached XP level 10. HP: 73/73 MP: 10/10
  6605 | D:9      | Reached skill level 12 in Axes
  7151 | D:9      | Reached skill level 13 in Axes
  7167 | D:9      | Found a staircase to the Lair.
  7650 | D:10     | Entered Level 10 of the Dungeon
  7675 | D:10     | Received a gift from Trog
  8422 | D:10     | Reached XP level 11. HP: 77/78 MP: 11/11
  8541 | D:10     | Reached skill level 14 in Axes
  9340 | D:11     | Noticed a purple ugly thing
  9354 | D:11     | Killed a purple ugly thing
  9386 | D:11     | Noticed Snorg
  9397 | D:11     | Killed Snorg
  9940 | D:11     | Reached skill level 15 in Axes
  9962 | D:11     | Found a staircase to the Orcish Mines.
 10395 | D:12     | Found Zuez's Jewellery Shoppe.
 10554 | D:12     | Noticed a brown ugly thing
 10570 | D:12     | Killed a brown ugly thing
 10853 | D:12     | Noticed a red ugly thing
 10853 | D:12     | Noticed an unseen horror
 10862 | D:12     | Killed a red ugly thing
 10868 | D:12     | Killed an unseen horror
 10929 | D:12     | You fall into a shaft and drop 1 floor!
 11046 | D:13     | Noticed a fire dragon
 11047 | D:13     | Noticed an iron troll
 11048 | D:13     | Noticed an ettin
 11060 | D:13     | HP: 1/117 [fire dragon (7)]
 11060 | D:13     | Slain by a fire dragon

Illustrated notes

Levels and vault maps discovered:
D:1:      wander_arrival_estate, layout_basic, hangedman_abyss_or_decor_stabs
D:2:      layout_rooms, dk_noncrumbling_3
D:3:      minmay_skewed_foursquare, layout_loops_ring
D:4:      layout_gridville, uniq_ijyb
D:5:      layout_rooms
D:6:      layout_loops_cross, nicolae_ru_path_of_blood,
          minmay_temple_entry_waves, serial_shops, shop, shop, shop,
          shop_fountains, serial_bayou_ford_a, uniq_maggie
D:7:      layout_rooms
D:8:      layout_rooms
D:9:      layout_gridville, lair_entry_dummy, serial_ice, serial_ice_g,
          serial_ice_e, serial_ice_d, serial_ice_j, serial_ice_a, serial_ice_c,
          kennysheep_generic_room_9
D:10:     layout_loops_corners, centaur_isle
D:11:     minmay_spotlight, layout_loops_corners, david_orc_3,
          columned_hall_lemuel, uniq_snorg
D:12:     minmay_the_grid_octo_2x2 [minmay_the_grid_octo_empty,
          minmay_the_grid_octo_odd_swirl, minmay_the_grid_octo_toaster,
          minmay_the_grid_octo_prize_big_c], layout_basic, serial_shops, shop
D:13:     minmay_separated_statues, layout_irregular_city, david_vaults_4,
          uniq_jorgrun, uniq_sonja, uniq_frances

Skill      XL: |  1  2  3  4  5  6  7  8  9 10 11 |
---------------+----------------------------------+-----
Axes           | 3 4 5 6 9 11 13 15 | 15.7
Armour         | 2 3 |  3.9
Dodging        | 2 3 4 |  4.0
Fighting       | 4 |  4.9

Action                   |  1- 3 |  4- 6 |  7- 9 | 10-12 || total
-------------------------+-------+-------+-------+-------++-------
Melee: Hand axe          |    79 |   134 |    58 |       ||   271
       Dagger            |    11 |       |       |       ||    11
       Mace              |     5 |    12 |       |       ||    17
       Battleaxe         |       |       |   138 |   269 ||   407
Invok: Berserk           |       |     3 |     4 |     6 ||    13
       Trog's Hand       |       |       |       |     1 ||     1
Evoke: Wand              |       |       |       |     8 ||     8
Armor: Animal skin       |     4 |       |       |       ||     4
       Ring mail         |    16 |    54 |    10 |       ||    80
       Chain mail        |       |       |    47 |       ||    47
       Plate armour      |       |       |    38 |   191 ||   229
Dodge: Dodged            |    51 |    66 |   109 |   116 ||   342
Block: Other             |       |       |       |    63 ||    63
       Reflection        |       |       |       |     9 ||     9

Table legend: (Time is in decaauts)
 A = Elapsed time spent in this place.
 B = Non-inter-level travel time spent in this place.
 C = Inter-level travel time spent in this place.
 D = Time resting spent in this place.
 E = Time spent auto-exploring this place.
 F = Levels seen in this place.
 G = Mean time per level.
                   A        B        C        D        E       F      G
               +--------+--------+--------+--------+--------+-----+--------+
         Total |  11239 |  10933 |    306 |   1696 |   7396 |  13 |  864.5 |
       Dungeon |  11239 |  10933 |    306 |   1696 |   7396 |  13 |  864.5 |
               +--------+--------+--------+--------+--------+-----+--------+

Top non-repeatable levels by time:
    D:10: 1559 daAuts
     D:9: 1207 daAuts
    D:11: 1206 daAuts
     D:4: 1106 daAuts
     D:3: 973 daAuts
     D:1: 966 daAuts
     D:6: 925 daAuts
     D:5: 888 daAuts
     D:7: 727 daAuts
    D:12: 562 daAuts
     D:2: 521 daAuts
     D:8: 467 daAuts
    D:13: 127 daAuts
